 Dungeon Crawl Stone Soup version 0.19.5 (webtiles) character file.

681 tof the Poker (level 7, -3/54 HPs)
             Began as a Minotaur Monk on Mar 2, 2017.
             Was a Believer of Ru.
             Slain by Menkaure (11 damage)
             ... on level 5 of the Dungeon.
             The game lasted 00:13:07 (4601 turns).

tof the Poker (Minotaur Monk)                       Turns: 4601, Time: 00:13:08

Health: -3/54      AC:  6    Str: 15    XL:     7   Next: 34%
Magic:  6/6        EV:  7    Int:  7    God:    Ru [**....]
Gold:   226        SH: 12    Dex: 17    Spells: 0 memorised, 6 levels left

rFire  . . .     SeeInvis .     a - +0 spear
rCold  . . .     Gourm    .     t - +0 scale mail
rNeg   . . .     Faith    .     o - +0 large shield
rPois  .         Spirit   .     (helmet restricted)
rElec  .         Reflect  .     (no cloak)
rCorr  .         Harm     .     (no gloves)
MR     .....                    (no boots)
Stlth  +.........               (no amulet)
                                (no ring)
                                f - +2 ring of dexterity

@: no status effects
A: retaliatory headbutt, horns 2, frail 1, unskilled 1
a: Renounce Religion


You were on level 5 of the Dungeon.
You worshipped Ru.
Ru was pleased with you.
You were not hungry.

You visited 1 branch of the dungeon, and saw 5 of its levels.

You collected 226 gold pieces.

Inventory:

Hand Weapons
 a - a +0 spear (weapon)
 c - a +0 scythe
Armour
 b - a +0 robe
 j - a +0 ring mail
 o - a +0 large shield (worn)
 t - a +0 scale mail (worn)
Jewellery
 f - a +2 ring of dexterity (left hand)
Wands
 n - a wand of polymorph (4/24)
 r - a wand of iceblast (8/15)
Scrolls
 d - 2 scrolls of magic mapping {unknown}
 e - 8 scrolls of identify
 i - 3 scrolls of remove curse
 m - a scroll of enchant weapon {unknown}
Potions
 q - a potion of haste
 u - a potion of invisibility {unknown}
 w - a potion of flight
Books
 x - a book of Dreams

   Spells                             Type                      Level
   a - Ensorcelled Hibernation        Hexes/Ice                    2
   b - Silence                        Hexes/Air                    5
   c - Darkness                       Hexes                        6
   d - Shadow Creatures               Summoning                    6
Comestibles
 g - a chunk of flesh
 h - 2 meat rations
 k - a royal jelly
 v - 2 bread rations


   Skills:
 * Level 5.3 Fighting
 * Level 6.4 Polearms
 - Level 1.3 Armour
 + Level 4.3 Dodging
 - Level 2.4 Stealth
 + Level 2.1 Shields
 - Level 0.8 Unarmed Combat


You had 6 spell levels left.
You didn't know any spells.

Dungeon Overview and Level Annotations

Branches:
Dungeon (5/15)
 Temple: D:4-7

Altars:
Ru
Yredelemnul

Annotations:
D:5 Menkaure


Innate Abilities, Weirdness & Mutations

You reflexively headbutt those who attack you in melee.
You have a pair of horns on your head.
You are frail. (-10% HP)
You are somewhat unskilled. (-1 Apt)


Message History

You are too injured to fight recklessly!
You hit Menkaure but do no damage. You headbutt Menkaure.
Menkaure is lightly damaged.
Menkaure barely misses you. You furiously retaliate!
You headbutt Menkaure! You hit Menkaure but do no damage.
Menkaure is heavily damaged.
Menkaure calls on the powers of darkness!
Your body is wracked with pain!
* * * LOW HITPOINT WARNING * * *
You hit Menkaure but do no damage.
Menkaure is heavily damaged.
You hit Menkaure.
Menkaure is severely damaged.
You redirect Menkaure's attack!
Menkaure mumbles some strange words.
Menkaure seems to speed up.
You hit Menkaure.
Menkaure is almost destroyed.
Menkaure hits you!
You die...

.#.#.#.#.#.#.#.#.#.#.#.
#.#.#.#.#.#.#.#.#.#.#.#.
.#.#.#.#.#.#.#.#.#.#.#.#
#.#.#.#.#.#.#.#.#.#.#.#
.#.#.#.#.#.#.#.#.#.#.#
#.#.#.#.#.#.#.#.#.#.#
...#.#.#.#.#.#.#.#.#
..#.#.#.#.#.#.#.#.#
...#.#.#.#.#.#.#@#
#.#.#.#.#.#.#.#.#M#
.#.#.#.#.#.#.#.#.#.#
#.#.#.#.#.#.#.#.#.#.#
.#.#.#.#.#.#.#.#.#.#.#
#.#.#.#.#.#.#.#.#. #.#
.#.#.#.#.#.#.#.#. #.#
#.#.#.#.#.#.#.#. #.
.#.#.#.#.#.#.#.


You could see Menkaure.

Vanquished Creatures
  Sigmund (D:2)
  An ogre (D:4)
  An orc wizard (D:4)
  An orc priest (D:4)
  6 worker ants
  An iguana (D:5)
  A hound skeleton (D:5)
  A worker ant zombie (D:5)
  9 adders
  2 worms (D:2)
  6 dart slugs
  A leopard gecko (D:5)
  3 orcs
  3 giant cockroaches
  3 goblins
  10 hobgoblins
  11 jackals
  8 kobolds
  A quokka (D:2)
  A ball python (D:1)
  A ball python skeleton (D:4)
  8 bats
  3 frilled lizards (D:2)
  A leopard gecko zombie (D:5)
  10 rats
94 creatures vanquished.

Vanquished Creatures (others)
  An orc (D:3)
1 creature vanquished.

Grand Total: 95 creatures vanquished

Notes
Turn   | Place    | Note
-------+----------+-------------------------------------------
     0 | D:1      | tof the Minotaur Monk began the quest for the Orb.
     0 | D:1      | Reached XP level 1. HP: 19/19 MP: 0/0
   259 | D:1      | Reached XP level 2. HP: 27/27 MP: 1/1
   484 | D:1      | Reached skill level 4 in Polearms
   833 | D:2      | Reached XP level 3. HP: 30/33 MP: 2/2
   879 | D:2      | Found a sacrificial altar of Ru.
   899 | D:2      | Became a worshipper of Ru the Awakened
   900 | D:2      | Gained mutation: You are somewhat unskilled. (-1 Apt) [Ru sacrifice]
   900 | D:2      | Reduced skill Polearms to level 3
   900 | D:2      | Reached * piety under Ru
   900 | D:2      | Reached ** piety under Ru
  1162 | D:2      | Reached skill level 4 in Polearms
  1164 | D:2      | Noticed Sigmund
  1733 | D:1      | Gained mutation: Your spells are a little easier to cast, but a little less powerful. [potion of mutation]
  1733 | D:1      | Gained mutation: You have a somewhat thin skeletal structure. (Dex +2, Stealth) [potion of mutation]
  1733 | D:1      | Gained mutation: You are frail. (-10% HP) [potion of mutation]
  1774 | D:2      | Killed Sigmund
  1774 | D:2      | Reached skill level 5 in Polearms
  1774 | D:2      | Reached skill level 1 in Armour
  1774 | D:2      | Reached XP level 4. HP: 12/36 MP: 3/3
  1774 | D:2      | Reached XP level 5. HP: 14/41 MP: 4/4
  2378 | D:3      | Reached XP level 6. HP: 46/46 MP: 5/5
  3381 | D:4      | Reached skill level 1 in Shields
  3880 | D:4      | Reached skill level 5 in Fighting
  3880 | D:4      | Reached XP level 7. HP: 48/54 MP: 6/6
  4003 | D:4      | You fall through a shaft!
  4003 | D:5      | Entered Level 5 of the Dungeon
  4176 | D:5      | Gained mutation: You are very frail. (-20% HP) [Ru sacrifice]
  4278 | D:5      | Reached skill level 6 in Polearms
  4284 | D:5      | Lost mutation: You are very frail. (-20% HP) [potion of cure mutation]
  4284 | D:5      | Lost mutation: You have a somewhat thin skeletal structure. (Dex +2, Stealth) [potion of cure mutation]
  4284 | D:5      | Lost mutation: Your spells are a little easier to cast, but a little less powerful. [potion of cure mutation]
  4548 | D:5      | Found a basalt altar of Yredelemnul.
  4590 | D:5      | Noticed Menkaure
  4601 | D:5      | Slain by Menkaure

Skill      XL: |  1  2  3  4  5  6  7 |
---------------+----------------------+-----
Fighting       | 4 4 5 |  5.3
Polearms       | 4 5 6 |  6.4
Armour         | 1 |  1.3
Stealth        | 2 |  2.4
Dodging        | 4 |  4.3
Shields        | 1 2 |  2.1
Unarmed Combat | |  0.8

Action                   |  1- 3 |  4- 6 |  7- 9 || total
-------------------------+-------+-------+-------++-------
Melee: Spear             |   111 |   146 |   106 ||   363
       Headbutt          |     9 |    30 |    12 ||    51
       Unarmed           |    17 |       |       ||    17
       Scythe            |       |    28 |       ||    28
Invok: Sacrifice Skill   |     1 |       |       ||     1
       Sacrifice Health  |       |       |     1 ||     1
  Use: Potion            |     2 |       |     5 ||     7
       Scroll            |     1 |     2 |       ||     3
 Stab: Sleeping          |     5 |     5 |     1 ||    11
       Invisible         |     1 |       |       ||     1
       Distracted        |       |     1 |       ||     1
  Eat: Chunk             |     2 |     3 |     2 ||     7
       Bread ration      |     1 |       |       ||     1
       Fruit             |       |       |     1 ||     1
Armor: Robe              |    11 |       |       ||    11
       Ring mail         |     6 |    24 |       ||    30
       Scale mail        |       |     2 |    11 ||    13
       Skin              |       |       |     8 ||     8
Dodge: Dodged            |    42 |    32 |    12 ||    86
Block: Large shield      |       |    58 |    46 ||   104
